cohdb
Replays
Latest Replays
All Replays
Popular Replays
Top Player Replays
Match Explorer
How It Works
Community
CoH3 Stats
Reddit
Sign in to upload your games and track your stats! →
Sign in with Steam
4v4 arranged team axis vs random allies APES TOGETHER STRONG
Match 9073409
Overview
Messages
Build Orders
End
Construct Infanterie Kompanie
Grenadier Squad
Selects Mechanized Battlegroup
Grenadier Squad
MG 42 Machine Gun Team
GrW 34 Mortar Team
Selects Spotting Scopes
Construct Panzergrenadier Kompanie
251 Medium Carrier
Pak 40 Anti-tank Gun Team
Support Elements
Pioneer Squad
Selects Zeroing Artillery Barrage
StuG III G Assault Gun
Selects Raid Package
Nebelwerfer 42 Rocket Launcher Team
Construct Panzer Kompanie
Medical Station
Selects StuG Assault Group
Zeroing Artillery Barrage
StuG Assault Group
Panzer IV Medium Tank
Pioneer Squad
251 Medium Carrier
Selects Panther Heavy Tank
Zeroing Artillery Barrage
Panther Heavy Tank
Pioneer Squad
AI Takeover
Drink||Karmeliet
Drink||PiconBiere
Drink||Chouchen
Drink||Absinthe
ofr
J_Shizlet
oki
12392089
0
0
Comments
sign in to comment!
No comments posted yet!